 Dungeon Crawl Stone Soup version 0.29-a0-477-g62b78b4225 (webtiles) character file.

Game seed: 12593984105485505553

163 lunkers the Grave Robber (level 5, -1/35 HPs)
             Began as a Vampire Necromancer on May 24, 2022.
             Killed by nerve-wracking pain
             ... invoked by an orc priest
              (10 damage)
             ... on level 3 of the Dungeon.
             The game lasted 00:03:46 (2436 turns).

lunkers the Grave Robber (Vampire Necromancer)      Turns: 2436, Time: 00:03:47

Health: -1/35      AC:  2    Str:  7    XL:     5   Next: 20%
Magic:  4/9        EV: 12    Int: 20    God:
Gold:   138        SH:  0    Dex: 14    Spells: 2/10 levels left

rFire   . . .      SeeInvis +   e - staff of earth
rCold   . . .      Faith    .   (no shield)
rNeg    . . .      Spirit   .   a - +0 robe
rPois   .          Reflect  .   (no helmet)
rElec   .          Harm     .   (no cloak)
rCorr   .          Rampage  .   (no gloves)
Will    .....                   (no boots)
Stlth   ++........              q - amulet of magic regeneration
HPRegen 0.31/turn               (no ring)
MPRegen 0.51/turn               (no ring)

@: healing quickly
A: alive, fangs 3, see invisible, vampiric 2
a: Exsanguinate


You were on level 3 of the Dungeon.
You visited 1 branch of the dungeon, and saw 3 of its levels.

You collected 138 gold pieces.

Inventory:

Armour
 a - a +0 robe (worn)
 f - an orb of mayhem
 l - a +0 helmet
Magical Staves
 e - a staff of earth (weapon)
 k - a staff of cold
Jewellery
 q - an amulet of magic regeneration (around neck)
 t - a ring of ice
Scrolls
 c - a scroll of teleportation {unknown}
 d - a scroll of poison {unknown}
 g - a scroll of fear {unknown}
 i - a scroll of blinking {unknown}
 j - a scroll of identify {unknown}
 n - a scroll of vulnerability {unknown}
 p - a scroll of immolation {unknown}
 r - a scroll of enchant armour {unknown}
Potions
 b - 3 potions of magic
 h - 2 potions of attraction {unknown}
 m - 2 potions of curing {unknown}
 o - a potion of flight {unknown}
 s - a potion of heal wounds {unknown}


   Skills:
 - Level 2.1 Dodging
 - Level 3.0 Stealth
 + Level 3.3 Spellcasting
 * Level 6.4 Necromancy


You had 2 spell levels left.
You knew the following spells:

 Your Spells              Type           Power      Damage    Failure   Level
a - Necrotize             Necr           100%       1d9       1%          1
b - Vampiric Draining     Necr           28%        2d8       3%          3
c - Animate Dead          Necr           28%        N/A       10%         4

Your spell library contained the following spells:

 Spells                   Type           Power      Damage    Failure   Level
 Summon Small Mammal      Summ           12%        N/A       14%         1
 Blink                    Tloc           6%         N/A       22%         2
 Agony                    Necr           28%        N/A       28%         5
 Call Canine Familiar     Summ           3%         N/A       38%         3
 Frozen Ramparts          Ice            6%         1d2       38%         3
 Ignite Poison            Fire/Tmut/Pois 3%         N/A       38%         3
 Lesser Beckoning         Tloc           3%         N/A       38%         3
 Mephitic Cloud           Conj/Pois/Air  3%         N/A       38%         3
 Summon Guardian Golem    Hex/Summ       3%         N/A       38%         3
 Ice Form                 Ice/Tmut       3%         N/A       80%         4
 Summon Ice Beast         Ice/Summ       3%         N/A       80%         4
 Freezing Cloud           Conj/Ice/Air   1%         6-21      98%         5
 Manifold Assault         Tloc           3%         N/A       98%         5


Dungeon Overview and Level Annotations

Branches:
Dungeon (3/15)

Altars:


Innate Abilities, Weirdness & Mutations

Your natural rate of healing is accelerated.
You have razor-sharp teeth.
You have supernaturally acute eyesight. (SInv)
You are afflicted with vampirism and can become a bat while bloodless.


Message History

Casting: Necrotize (safe; 1% risk of failure)
Confirm with . or Enter, or press ? or * to list all spells.
You can't see any susceptible monsters within range! (Use Z to cast anyway.)
Casting: Necrotize (safe; 1% risk of failure)
Confirm with . or Enter, or press ? or * to list all spells.
You can't see any susceptible monsters within range! (Use Z to cast anyway.) Unknown command.
You see here a +0 leather armour.
Your orc skeleton closely misses the orc priest.
The orc priest hits your orc skeleton with a +0 mace!
Your orc skeleton is destroyed!
The orc priest closely misses you.
You hit the orc priest.
The orc priest is lightly wounded.
The orc priest hits you with a +0 mace.
You barely miss the orc priest.
The orc priest is lightly wounded.
The orc priest mumbles some strange prayers to Beogh against you.
Beogh smites you!
* * * LOW HITPOINT WARNING * * *
Casting: Necrotize (safe; 1% risk of failure)
Confirm with . or Enter, or press ? or * to list all spells.
Aiming: Vampiric Draining (dangerous; 3% risk of failure)
Press: ? - help, Shift-Dir - straight line, f - orc priest
Aim: an orc priest, wielding a +0 mace (lightly wounded)
You draw life force from the orc priest.
You feel life coursing into your body.
The orc priest calls down the wrath of Beogh upon you.
Pain shoots through your body!
* * * LOW HITPOINT WARNING * * *
Casting: Vampiric Draining (dangerous; 3% risk of failure)
Confirm with . or Enter, or press ? or * to list all spells.
Aiming: Vampiric Draining (dangerous; 3% risk of failure)
Press: ? - help, Shift-Dir - straight line, f/p - orc priest
Aim: an orc priest, wielding a +0 mace (moderately wounded)
You draw life force from the orc priest.
You feel life coursing into your body.
The orc priest mumbles some strange prayers to Beogh against you.
Pain shoots through your body!
You die...

........#
#.###>..#
#)###.###
ZZ##....#
#######.#
♣.♣.♣.♣(##
#>...o.o#
...........
#.#
♣#♣.♣.♣.###
#)# ##...##
#o# #.## #@#
#.# #.# #.#
#.# #####.#
#[# ......#
#.#
#####.♣♣♣♣♣♣##
#.#
#........###.#
#.♣♣♣♣♣♣.....#
#.# #######


You could see an orc priest.

Vanquished Creatures
  Natasha (twice) (D:3)
  3 adders
  A worm (D:3)
  A dart slug (D:1)
  4 orcs (D:3)
  6 bats
  4 endoplasms
  3 giant cockroaches
  9 goblins
  5 hobgoblins
  4 jackals (D:3)
  4 kobolds
  2 quokkas
  4 ball pythons
  3 rats
55 creatures vanquished.

Vanquished Creatures (collateral kills)
  Robin (D:2)
  A giant cockroach (D:2)
  A hobgoblin (D:1)
  A ball python (D:1)
  A goblin (D:1)
  A rat (D:1)
6 creatures vanquished.

Grand Total: 61 creatures vanquished

Notes
Turn   | Place    | Note
-------+----------+-------------------------------------------
     0 | D:1      | lunkers the Vampire Necromancer began the quest for the
                  | Orb.
     0 | D:1      | Reached XP level 1. HP: 13/13 MP: 3/3
   257 | D:1      | Reached XP level 2. HP: 12/19 MP: 0/5
   553 | D:1      | Found a faded altar of an unknown god.
   570 | D:1      | Found a faded altar of an unknown god.
   689 | D:1      | Reached skill level 5 in Necromancy
   971 | D:2      | Noticed Robin
   990 | D:2      | Killed Robin
   991 | D:2      | Gained mutation: You are afflicted with vampirism and can
                  | become a bat while bloodless. [Vampire growth]
   991 | D:2      | Reached XP level 3. HP: 15/24 MP: 0/6
  1489 | D:2      | Reached XP level 4. HP: 30/30 MP: 3/8
  1944 | D:2      | Learned a level 3 spell: Vampiric Draining
  1949 | D:2      | Learned a level 4 spell: Animate Dead
  2058 | D:3      | Noticed Natasha
  2067 | D:3      | Killed Natasha
  2068 | D:3      | Reached skill level 6 in Necromancy
  2204 | D:3      | Noticed Natasha
  2212 | D:3      | Killed Natasha
  2213 | D:3      | Reached XP level 5. HP: 32/35 MP: 4/9
  2436 | D:3      | Killed from afar by an orc priest

Illustrated notes

Levels and vault maps discovered:
D:1:      lemuel_arrival_room, layout_loops_ring,
          hellmonk_ecumenical_altar_the_god_not_taken
D:2:      layout_loops_ring, uniq_robin
D:3:      wander_river, layout_loops_ring, serial_forest,
          infiniplex_forest_fountain, infiniplex_forest_clump_double,
          infiniplex_forest_end_1, infiniplex_forest_clump_tiny,
          infiniplex_forest_straight_2, infiniplex_forest_lined_2, uniq_grinder,
          uniq_natasha

Skill      XL: |  1  2  3  4 |
---------------+-------------+-----
Necromancy     | 5 6 |  6.4
Spellcasting   | 3 |  3.3
Dodging        | |  2.1
Stealth        | |  3.0

Action                   |  1- 3 |  4- 6 || total
-------------------------+-------+-------++-------
Melee: Unarmed           |     7 |       ||     7
       Bite              |     1 |       ||     1
       Staff             |     4 |     2 ||     6
 Cast: Necrotize         |    54 |    53 ||   107
       Vampiric Draining |       |     2 ||     2
Armor: Robe              |     7 |     1 ||     8
Dodge: Dodged            |    25 |    12 ||    37

Table legend: (Time is in decaauts)
 A = Elapsed time spent in this place.
 B = Non-inter-level travel time spent in this place.
 C = Inter-level travel time spent in this place.
 D = Time resting spent in this place.
 E = Time spent auto-exploring this place.
 F = Levels seen in this place.
 G = Mean time per level.
                   A        B        C        D        E       F      G
               +--------+--------+--------+--------+--------+-----+--------+
         Total |   2445 |   2385 |     60 |      0 |   1976 |   3 |  815.0 |
       Dungeon |   2445 |   2385 |     60 |      0 |   1976 |   3 |  815.0 |
               +--------+--------+--------+--------+--------+-----+--------+

Top non-repeatable levels by time:
     D:2: 1011 daAuts
     D:1: 964 daAuts
     D:3: 470 daAuts
